 Dungeon Crawl Stone Soup version 0.18.1-5-g4a78601 (webtiles) character file.

283 Rattbag the Shield-Bearer (level 6, -1/56 HPs)
             Began as a Minotaur Fighter on May 13, 2016.
             Was a Follower of Okawaru.
             Slain by a worker ant (3 damage)
             ... on level 4 of the Dungeon.
             The game lasted 00:21:40 (1625 turns).

Rattbag the Shield-Bearer (Minotaur Fighter)        Turns: 1625, Time: 00:21:41

Health: -1/56      AC:  9    Str: 22    XL:     6   Next: 7%
Magic:  5/5        EV:  6    Int:  5    God:    Okawaru [*.....]
Gold:   163        SH: 10    Dex: 12    Spells: 0 memorised, 5 levels left

rFire  . . .     SeeInvis .     a - +0 flail
rCold  . . .     Gourm    .     j - +0 chain mail
rNeg   . . .     Faith    .     c - +0 shield
rPois  .         Spirit   .     (helmet restricted)
rElec  .         Dismiss  +     (no cloak)
rCorr  .         Reflect  .     (no gloves)
SustAt .         Harm     .     (no boots)
MR     .....                    p - amulet of dismissal
Stlth  ..........               (no ring)
                                d - +2 ring of dexterity

@: lethally poisoned (-1 -> -2), not resistant to hostile enchantments,
extremely unstealthy
A: retaliatory headbutt, horns 2
a: Heroism, Renounce Religion


You were on level 4 of the Dungeon.
You worshipped Okawaru.
Okawaru was aware of your devotion.
You were very hungry.

You visited 1 branch of the dungeon, and saw 4 of its levels.

You collected 163 gold pieces.

Inventory:

Hand Weapons
 a - a +0 flail (weapon)
Armour
 b - a +0 scale mail
 c - a +0 shield (worn)
 j - a +0 chain mail (worn)
Jewellery
 d - a +2 ring of dexterity (left hand)
 p - an amulet of dismissal (around neck)
Scrolls
 e - a scroll of enchant armour {unknown}
 h - 3 scrolls of remove curse {unknown}
 k - a scroll of identify {unknown}
 l - 2 scrolls of fear {unknown}
 m - a scroll of teleportation {unknown}
 r - a scroll of enchant weapon {unknown}
 s - a scroll of blinking {unknown}
Potions
 g - 2 potions of haste {unknown}
 i - a potion of magic {unknown}
 o - a potion of curing {unknown}
Comestibles
 f - a bread ration
 q - a beef jerky


   Skills:
 + Level 5.0 Fighting
 + Level 4.1 Maces & Flails
 + Level 4.3 Armour
 + Level 2.0 Dodging
 + Level 5.4 Shields


You had 5 spell levels left.
You didn't know any spells.

Dungeon Overview and Level Annotations

Branches:
Dungeon (4/15)
 Temple: D:4-7

Altars:
Nemelex Xobeh
Okawaru

Annotations:
D:2 Natasha, Terence


Innate Abilities, Weirdness & Mutations

You reflexively headbutt those who attack you in melee.
You have a pair of horns on your head.


Message History

You feel sick. The worker ant barely misses you. The worker ant bites you.
* * * LOW HITPOINT WARNING * * *
You hit the worker ant but do no damage.
You headbutt the worker ant.
The worker ant is heavily wounded.
You feel sick. You block the worker ant's attack.
You hit the worker ant but do no damage.
The worker ant is heavily wounded.
The worker ant barely misses you. The worker ant bites you.
* * * LOW HITPOINT WARNING * * *
You feel sick.
You feel sick.
You fail to use your ability.
The worker ant bites you.
* * * LOW HITPOINT WARNING * * *
You block the worker ant's attack.
Your shield and chain mail prevent you from hitting the worker ant.
The worker ant is heavily wounded.
* * * LOW HITPOINT WARNING * * *
You feel sick. The worker ant bites you.
You die...

.....##.##.........#
#.#..##.##.........#
#.#...†.##.........#
##.##....##.........#
......>.##.........#
#.......##.........#
.#.#####<......##.........#
.......#.........##########
.......†.a@....###
.......#.......#
.......####....# .......
#....# ######. #....# #> #.
#....# . #. #....# ##
#....# ######....#


You could see a worker ant.

Vanquished Creatures
  The ghost of bollicks1999 the Covert, an amateur OpAs (D:3)
  Robin (D:3)
  3 gnolls (D:2)
  5 adders
  An ooze (D:2)
  4 dart slugs
  2 giant geckos
  2 giant cockroaches (D:3)
  12 goblins
  7 hobgoblins
  9 jackals
  5 kobolds
  2 quokkas (D:2)
  4 bats
  3 giant newts
  7 rats
68 creatures vanquished.

Notes
Turn   | Place    | Note
--------------------------------------------------------------
     0 | D:1      | Rattbag the Minotaur Fighter began the quest for the Orb.
     0 | D:1      | Reached XP level 1. HP: 19/19 MP: 0/0
   231 | D:1      | Reached XP level 2. HP: 27/27 MP: 1/1
   516 | D:2      | Found an iron altar of Okawaru.
   518 | D:2      | Reached XP level 3. HP: 33/33 MP: 2/2
   533 | D:2      | Reached skill level 1 in Dodging
   563 | D:2      | Became a worshipper of Warmaster Okawaru
   693 | D:2      | Reached XP level 4. HP: 39/41 MP: 3/3
   914 | D:2      | Noticed Natasha
   914 | D:2      | Noticed Terence
  1103 | D:3      | Noticed bollicks1999's ghost (amateur OpAs)
  1123 | D:3      | Killed bollicks1999's ghost
  1123 | D:3      | Reached skill level 5 in Fighting
  1123 | D:3      | Reached skill level 5 in Shields
  1123 | D:3      | Reached XP level 5. HP: 35/48 MP: 4/4
  1350 | D:3      | Noticed Robin
  1365 | D:3      | Killed Robin
  1369 | D:3      | Reached * piety under Okawaru
  1369 | D:3      | Reached XP level 6. HP: 46/56 MP: 5/5
  1565 | D:4      | Found a sparkling altar of Nemelex Xobeh.
  1625 | D:4      | HP: 2/56 [poisoned by a worker ant]
  1625 | D:4      | Slain by a worker ant

Skill      XL: |  1  2  3  4 |
---------------+-------------+-----
Fighting       | 4 5 |  5.0
Shields        | 4 5 |  5.4
Dodging        | 1 2 |  2.0
Maces & Flails | 3 4 |  4.1
Armour         | 4 |  4.3

Action                   |  1- 3 |  4- 6 || total
-------------------------+-------+-------++-------
Melee: Flail             |    99 |   110 ||   209
       Headbutt          |    16 |    13 ||    29
  Use: Potion            |       |     1 ||     1
  Eat: Beef jerky        |       |     1 ||     1
Armor: Scale mail        |    19 |       ||    19
       Chain mail        |    14 |    46 ||    60
Dodge: Dodged            |    20 |    39 ||    59
Block: Shield            |    49 |    66 ||   115
